 Dungeon Crawl Stone Soup version 0.30-a0-359-gd0147acb1a (webtiles) character file.

Game seed: 14214113162896691816

6174 arthad the Fighter (level 11, -4/33 HPs)
             Began as a Meteoran Wanderer on Nov 11, 2022.
             Was a High Priest of Okawaru.
             Slain by a two-headed ogre
             ... wielding a +0 giant spiked club
              (25 damage)
             ... on level 9 of the Dungeon.
             The game lasted 00:32:29 (6123 turns).

arthad the Fighter (Meteoran Wanderer)              Turns: 6123, Time: 00:32:30

Health: -4/33      AC: 14    Str: 24    XL:     11   Next: 35%
Magic:  22/22      EV: 14    Int: 11    God:    Okawaru [*****.]
Gold:   454        SH:  6    Dex: 17    Spells: 14/23 levels left

rFire   + . .      SeeInvis .    V - +1 short sword (elec)
rCold   . . .      Faith    .    c - +0 buckler
rNeg    . . .      Spirit   .    u - +5 ring mail of Stained Curiosity {Will+ Int-4 Dex+4}
rPois   .          Reflect  .    b - +0 helmet
rElec   .          Harm     .    X - +0 cloak {rCorr}
rCorr   +          Rampage  .    (no gloves)
Will    ++...                    (no boots)
Stlth   +.........               i - amulet of regeneration
HPRegen 1.05/turn                s - ring of protection from fire
MPRegen 0.18/turn                v - +6 ring of strength

@: glowing, studying Shields
A: sense surroundings 2, otherworldly, glowing, explore regen
a: Renounce Religion, Heroism, Finesse, Duel


You were on level 9 of the Dungeon.
You worshipped Okawaru.
Okawaru was extremely pleased with you.
You visited 2 branches of the dungeon, and saw 10 of its levels.
You also visited: Sewer.

You collected 454 gold pieces.

Inventory:

Hand Weapons
 a - a +3 dagger
 z - a +1 sling of flaming
 E - a +1 falchion of holy wrath
 G - a +1 dire flail of protection
 J - a +2 dagger of draining
 P - a +1 spectral quarterstaff
 R - a +2 dagger of venom
 V - a +1 short sword of electrocution (weapon)
 Z - the +6 great sword "Acid" {vorpal, Int+3}
   (Okawaru gifted it to you on level 8 of the Dungeon)

   It inflicts extra damage upon your enemies.
   Int:       It affects your intelligence (+3).
Missiles
 d - 37 stones
 k - 7 curare-tipped darts
 p - 22 poisoned darts (quivered)
 y - 5 javelins
 B - a boomerang of dispersal
 D - 4 boomerangs
 W - 2 atropa-tipped darts
Armour
 b - a +0 helmet (worn)
 c - a +0 buckler (worn)
 e - a +0 leather armour
 h - a +0 plate armour
 m - a +0 cloak
 u - the +5 ring mail of Stained Curiosity (worn) {Will+ Int-4 Dex+4}
   (You found it on level 4 of the Dungeon)

   Int:       It affects your intelligence (-4).
   Dex:       It affects your dexterity (+4).
   Will:      It increases your willpower.
 H - the +3 leather armour of Eternity {rElec Str+6}
   (You found it in a sewer)

   Str:       It affects your strength (+6).
   rElec:     It insulates you from electricity.
 Q - a +3 leather armour of fire resistance
 X - a +0 cloak of preservation (worn)
Jewellery
 i - an amulet of regeneration (around neck)
 q - an amulet of magic regeneration
 s - a ring of protection from fire (left hand)
 t - an amulet of the acrobat
 v - a +6 ring of strength (right hand)
 w - a ring of magical power
 C - a ring of flight
 L - a ring of resist corrosion
Wands
 x - a wand of iceblast (28)
 F - a wand of paralysis (2)
 I - a wand of quicksilver (6)
 M - a wand of mindburst (26)
Scrolls
 f - 9 scrolls of identify
 j - 3 scrolls of teleportation
 n - 3 scrolls of butterflies
 r - 2 scrolls of amnesia
 A - a scroll of immolation
 K - 2 scrolls of magic mapping {unknown}
 T - 3 scrolls of vulnerability {unknown}
 Y - a scroll of noise {unknown}
Potions
 g - 2 potions of degeneration
 l - a potion of invisibility
 o - 4 potions of brilliance
 N - a potion of flight
 O - a potion of mutation {unknown}
 S - a potion of might {unknown}
 U - a potion of lignification


   Skills:
 * Level 8.4 Fighting
 + Level 5.4 Short Blades
 + Level 2.2 Ranged Weapons
 - Level 3.6 Throwing
 + Level 7.1 Armour
 + Level 6.8 Dodging
 + Level 7.2 Shields
 + Level 6.7 Spellcasting
 - Level 2.4 Summonings
 + Level 2.7 Translocations
 + Level 6.5 Invocations
 + Level 2.6 Evocations


You had 14 spell levels left.
You knew the following spells:

 Your Spells              Type           Power      Damage    Failure   Level
a - Summon Small Mammal   Summ           36%        N/A       12%         1
b - Disjunction           Tloc           4%         N/A       100%        8

Your spell library contained the following spells:

 Spells                   Type           Power      Damage    Failure   Level
 Apportation              Tloc           18%        N/A       11%         1
 Kiss of Death            Conj/Necr      12%        2d6       32%         1
 Iskenderun's Mystic Bla  Conj/Tloc      6%         2d4       88%         4
 Anguish                  Hex/Necr       1%         N/A       97%         4
 Alistair's Intoxication  Tmut/Pois      2%         N/A       100%        5
 Call Canine Familiar     Summ           Unusable   N/A       N/A         3
 Summon Guardian Golem    Hex/Summ       Unusable   N/A       N/A         3

Dungeon Overview and Level Annotations

Branches:
Dungeon (9/15) Zot: 603    Temple (1/1) D:6 Zot: 511   Sewer (visited)
   Lair: D:8-11         Orc: D:9-12

Altars:
Ashenzari
Cheibriados
Dithmenos
Elyvilon
Fedhas
Gozag
Hepliaklqana
Makhleb
Nemelex Xobeh
Okawaru
Qazlal
Ru
Sif Muna
Trog
Uskayaw
Wu Jian
Xom
Yredelemnul
Zin
The Shining One


Innate Abilities, Weirdness & Mutations

You passively map the area around you.
You are easily found by Zot.
You glow in the dark.
You regain HP and MP as you explore.


Message History

You feel sick.
Throw: 26 darts (poison)
Press: ? - help, Q - select action, (/) - cycle Shift-Dir - straight line, f/p - two-headed ogre
Aim: a two-headed ogre, wielding two +0 giant spiked clubs (lightly wounded, very poisoned, 78% to hit)
You throw a poisoned dart.
The poisoned dart completely misses the two-headed ogre.
You feel sick.
You are no longer poisoned.
Throw: 25 darts (poison)
Press: ? - help, Q - select action, (/) - cycle Shift-Dir - straight line, f/p - two-headed ogre
Aim: a two-headed ogre, wielding two +0 giant spiked clubs (lightly wounded, very poisoned, 78% to hit)
You throw a poisoned dart.
The poisoned dart hits the two-headed ogre.
The two-headed ogre looks even sicker.
The two-headed ogre is lightly wounded.
Unknown command.
Throw: 24 darts (poison)
Press: ? - help, Q - select action, (/) - cycle Shift-Dir - straight line, f/p - two-headed ogre
Aim: a two-headed ogre, wielding two +0 giant spiked clubs (lightly wounded, very poisoned, 78% to hit)
You throw a poisoned dart.
The poisoned dart hits the two-headed ogre.
The two-headed ogre is lightly wounded.
Throw: 2 boomerangs (disperse)
Press: ? - help, Shift-Dir - straight line, f/p - two-headed ogre
Aim: a two-headed ogre, wielding two +0 giant spiked clubs (lightly wounded, very poisoned, 78% to hit)
You throw a boomerang of dispersal.
The boomerang of dispersal barely misses the two-headed ogre.
The two-headed ogre hits you with a +0 giant spiked club.
You block the two-headed ogre's attack.
Unknown command.
Throw: 23 darts (poison)
Press: ? - help, Q - select action, (/) - cycle Shift-Dir - straight line, f/p - two-headed ogre
Aim: a two-headed ogre, wielding two +0 giant spiked clubs (lightly wounded, very poisoned, 78% to hit)
You throw a poisoned dart.
The poisoned dart hits the two-headed ogre.
The two-headed ogre looks as sick as possible!
The two-headed ogre is lightly wounded.
The two-headed ogre hits you with a +0 giant spiked club!!
Ouch! That really hurt!
You die...

... * , ###. .. , * ,....,
..#### #.... ,,....,,.(.>+
#...### , , * * #.. .(..#
#...#.# * * #... #...#
#...#.# *
###...##(..#,#...#.#,
,......))O..# #...#.#
........@..# #...#.#,
.##........+,#.)<'.# *
,.....#.....###.))###...,,
.....#..................
*,.##.,#......#.....#..##.
......................,
**#######################


You could see a two-headed ogre (extremely poisoned).

Vanquished Creatures
  Pikel (D:8)
  Maurice (D:8)
  A troll (D:8)
  Grinder (D:4)
  A hornet (D:8)
  A vampire (D:6)
  A wyvern (D:8)
  A wraith (D:6)
  Menkaure (D:6)
  Edmund (D:5)
  An acid dragon (D:6)
  2 water moccasins
  5 sky beasts
  5 ice beasts
  A black bear (D:6)
  2 orc warriors
  3 centaurs
  A phantom (D:6)
  A kobold brigand (D:6)
  4 bullfrogs
  2 scorpions
  2 necrophages
  3 wights (D:7)
  5 killer bees (D:8)
  9 howler monkeys
  A jelly (D:6)
  A hound (D:7)
  A gnoll bouda (D:7)
  7 orc priests
  5 iguanas
  9 orc wizards
  Robin (D:4)
  15 adders
  A river rat (D:5)
  5 gnolls (D:7)
  A shadow imp (D:6)
  2 white imps (D:7)
  4 ufetubi
  4 worms
  A dart slug (D:2)
  31 orcs
  2 bats
  9 endoplasms
  11 giant cockroaches
  13 goblins
  6 hobgoblins
  8 kobolds
  7 quokkas
  11 ball pythons
  7 frilled lizards
  9 rats
228 creatures vanquished.

Vanquished Creatures (collateral kills)
  A frilled lizard (D:1)
1 creature vanquished.

Grand Total: 229 creatures vanquished

Notes
Turn   | Place    | Note
-------+----------+-------------------------------------------
     0 | D:1      | arthad the Meteoran Wanderer began the quest for the Orb.
     0 | D:1      | arthad set off with the following items: a +2 dagger, 2
                  | curare-tipped darts, a +0 buckler, a potion of
                  | lignification, a +0 leather armour; and the following spell
                  | memorised: Summon Small Mammal; and the following spells
                  | available to memorise: Call Canine Familiar.
     0 | D:1      | Reached XP level 1. HP: 14/14 MP: 3/3
    88 | D:1      | Reached XP level 2. HP: 20/20 MP: 2/5
   390 | D:1      | Reached XP level 3. HP: 27/27 MP: 6/6
   497 | D:1      | Glimpsed the power of Zot.
   547 | D:1      | Glimpsed the power of Zot.
   668 | D:2      | Found an iron altar of Okawaru.
   687 | D:2      | Became a worshipper of Warmaster Okawaru
   735 | D:2      | Reached skill level 1 in Fighting
   738 | D:2      | Reached XP level 4. HP: 21/35 MP: 8/8
  1093 | D:2      | Glimpsed the power of Zot.
  1143 | D:2      | Glimpsed the power of Zot.
  1309 | D:3      | Found a glowing golden altar of the Shining One.
  1376 | D:3      | Reached XP level 5. HP: 40/40 MP: 9/9
  1693 | D:3      | Glimpsed the power of Zot.
  1743 | D:3      | Glimpsed the power of Zot.
  1876 | D:4      | Identified the +5 ring mail of Stained Curiosity {Will+
                  | Int-4 Dex+4}
  1928 | D:4      | Noticed a necrophage
  1938 | D:4      | Killed a necrophage
  1938 | D:4      | Noticed an orc warrior
  1939 | D:4      | Reached skill level 2 in Fighting
  1939 | D:4      | Reached XP level 6. HP: 40/48 MP: 11/11
  1940 | D:4      | Reached * piety under Okawaru
  1945 | D:4      | Killed an orc warrior
  1946 | D:4      | Reached skill level 1 in Short Blades
  1962 | D:4      | Reached skill level 1 in Invocations
  1962 | D:4      | Reached XP level 7. HP: 56/56 MP: 12/12
  1967 | D:4      | Noticed Robin
  1983 | D:4      | Killed Robin
  2162 | D:4      | Reached skill level 3 in Fighting
  2225 | D:4      | Noticed Grinder
  2237 | D:4      | Killed Grinder
  2238 | D:4      | Reached XP level 8. HP: 63/63 MP: 14/14
  2296 | D:4      | Glimpsed the power of Zot.
  2346 | D:4      | Glimpsed the power of Zot.
  2386 | D:4      | Glimpsed the power of Zot.
  2391 | D:5      | Entered Level 5 of the Dungeon
  2497 | D:5      | Found a glowing drain.
  2502 | D:5      | Reached ** piety under Okawaru
  2510 | Sewer    | Entered a sewer
  2525 | Sewer    | Reached skill level 4 in Fighting
  2799 | Sewer    | Identified the +3 leather armour of Eternity {rElec Str+6}
  2869 | D:5      | Noticed Edmund
  2928 | D:5      | Killed Edmund
  2992 | D:5      | Reached skill level 5 in Armour
  2992 | D:5      | Reached skill level 5 in Shields
  2992 | D:5      | Gained mutation: You passively map the area around you.
                  | [Meteoran growth]
  2992 | D:5      | Reached XP level 9. HP: 69/73 MP: 16/16
  3038 | D:5      | Reached skill level 5 in Fighting
  3212 | D:5      | Glimpsed the power of Zot.
  3244 | D:6      | Found a glowing silver altar of Zin.
  3331 | D:6      | Reached *** piety under Okawaru
  3386 | D:6      | Noticed Menkaure
  3399 | D:6      | Killed Menkaure
  3405 | D:6      | Reached skill level 5 in Dodging
  3414 | D:6      | HP: 2/75 [orc priest/divine providence (12)]
  3416 | D:6      | Reached skill level 5 in Spellcasting
  3579 | D:6      | Got the Anthology of Hyperbolic Stolen Souls
  3625 | D:6      | Reached skill level 6 in Fighting
  3633 | D:6      | Found a staircase to the Ecumenical Temple.
  3648 | Temple   | Entered the Ecumenical Temple
  3917 | D:6      | Glimpsed the power of Zot.
  3937 | D:6      | Reached XP level 10. HP: 33/84 MP: 19/19
  3970 | D:6      | Glimpsed the power of Zot.
  3991 | D:6      | Reached **** piety under Okawaru
  4013 | D:6      | Glimpsed the power of Zot.
  4017 | D:6      | Reached skill level 5 in Invocations
  4024 | D:6      | Touched by the power of Zot.
  4138 | D:6      | Glimpsed the power of Zot.
  4163 | D:6      | Reached skill level 7 in Fighting
  4183 | D:6      | Glimpsed the power of Zot.
  4223 | D:6      | Glimpsed the power of Zot.
  4233 | D:6      | Touched by the power of Zot.
  4411 | D:7      | Learned a level 8 spell: Disjunction
  4561 | D:7      | Found a white marble altar of Elyvilon.
  4603 | D:7      | HP: 1/44 [wight/+2 flail (13)]
  4634 | D:7      | Reached ***** piety under Okawaru
  4739 | D:7      | Found a basalt altar of Yredelemnul.
  4825 | D:7      | Found a burning altar of Makhleb.
  4825 | D:7      | Found a hide-covered altar of Uskayaw.
  4940 | D:7      | Reached skill level 1 in Translocations
  4957 | D:7      | Glimpsed the power of Zot.
  5007 | D:7      | Glimpsed the power of Zot.
  5047 | D:7      | Glimpsed the power of Zot.
  5057 | D:7      | Touched by the power of Zot.
  5158 | D:7      | Glimpsed the power of Zot.
  5185 | D:8      | Reached skill level 1 in Evocations
  5294 | D:8      | Noticed Pikel
  5336 | D:8      | Killed Pikel
  5337 | D:8      | Reached skill level 5 in Short Blades
  5337 | D:8      | Reached skill level 1 in Ranged Weapons
  5407 | D:8      | Reached XP level 11. HP: 25/42 MP: 21/21
  5458 | D:8      | Noticed Maurice
  5471 | D:8      | Reached skill level 8 in Fighting
  5484 | D:8      | Killed Maurice
  5802 | D:7      | Glimpsed the power of Zot.
  5852 | D:8      | Glimpsed the power of Zot.
  5895 | D:8      | Glimpsed the power of Zot.
  5906 | D:8      | Touched by the power of Zot.
  5989 | D:8      | Identified the +6 great sword "Acid" {vorpal, Int+3}
                  | (Okawaru gifted it to you on level 8 of the Dungeon)
  5989 | D:8      | Received a gift from Okawaru
  6015 | D:8      | Glimpsed the power of Zot.
  6116 | D:9      | Noticed a two-headed ogre
  6123 | D:9      | Slain by a two-headed ogre

Illustrated notes

Levels and vault maps discovered:
D:1:      wander_arrival_fairy_ring, layout_loops_ring
D:2:      layout_basic, basic_altar
D:3:      layout_loops_ring, tso_metal_star, grunt_decor_fettered,
          minmay_fountain_box
D:4:      layout_loops_ring, uniq_robin, uniq_grinder
D:5:      layout_rooms, lightli_sewer_entry_pipes, uniq_edmund
D:6:      kennysheep_windowed_halls, layout_rooms, lemuel_tele_altar,
          minmay_temple_entry_offerings, uniq_menkaure
D:7:      layout_layer_cave, kennysheep_ying_yang, grunt_temple_overflow_open,
          hangedman_minor_gate_pass
D:8:      layout_rooms, uniq_maurice, uniq_pikel
D:9:      layout_stronghold, lemuel_doored_altar, wad_mini_maze
Temple:   nicolae_temple_superstar

Skill      XL: |  1  2  3  4  5  6  7  8  9 10 11 |
---------------+----------------------------------+-----
Dodging        | 2 3 4 5 6 |  6.8
Spellcasting   | 2 3 4 5 6 |  6.7
Fighting       | 1 2 3 4 6 7 8 |  8.4
Summonings     | 2 |  2.4
Armour         | 3 4 5 6 7 |  7.1
Shields        | 3 4 5 6 7 |  7.2
Short Blades   | 1 2 4 5 |  5.4
Invocations    | 1 2 3 4 6 |  6.5
Translocations | 1 2 |  2.7
Evocations     | 1 2 |  2.6
Ranged Weapons | 1 2 |  2.2
Throwing       | |  3.6

Action                   |  1- 3 |  4- 6 |  7- 9 | 10-12 || total
-------------------------+-------+-------+-------+-------++-------
Melee: Dagger            |   126 |   162 |   599 |   443 ||  1330
       Falchion          |       |       |       |    37 ||    37
       Short sword       |       |       |       |   134 ||   134
Throw: Dart              |     1 |     1 |     6 |    23 ||    31
       Javelin           |       |     4 |     8 |     5 ||    17
       Stone             |       |     2 |     5 |     2 ||     9
       Boomerang         |       |       |       |     1 ||     1
 Cast: Summon Small Mamm |     1 |       |       |       ||     1
Invok: Heroism           |       |       |     2 |     2 ||     4
Evoke: Wand              |       |     3 |     9 |     4 ||    16
  Use: Potion            |     1 |     6 |     3 |     4 ||    14
       Scroll            |       |     2 |     4 |     2 ||     8
Armor: Leather armour    |    31 |    41 |       |       ||    72
       Skin              |    43 |       |       |    12 ||    55
       Ring mail         |       |     6 |   268 |   294 ||   568
Dodge: Dodged            |    51 |    55 |   265 |   337 ||   708
Block: Buckler           |    30 |    22 |   149 |   191 ||   392

Table legend: (Time is in decaauts)
 A = Elapsed time spent in this place.
 B = Non-inter-level travel time spent in this place.
 C = Inter-level travel time spent in this place.
 D = Time resting spent in this place.
 E = Time spent auto-exploring this place.
 F = Levels seen in this place.
 G = Mean time per level.
                   A        B        C        D        E       F      G
               +--------+--------+--------+--------+--------+-----+--------+
         Total |   6015 |   5822 |    193 |     22 |   3385 |  11 |  546.8 |
       Dungeon |   5598 |   5405 |    193 |     22 |   3245 |   9 |  622.0 |
        Temple |     88 |     88 |      0 |      0 |     51 |   1 |   88.0 |
         Sewer |    328 |    328 |      0 |      0 |     89 |   1 |  328.0 |
               +--------+--------+--------+--------+--------+-----+--------+

Top non-repeatable levels by time:
     D:7: 1187 daAuts
     D:6: 882 daAuts
     D:4: 624 daAuts
     D:2: 613 daAuts
     D:3: 597 daAuts
     D:1: 559 daAuts
     D:8: 547 daAuts
     D:5: 526 daAuts
   Sewer: 328 daAuts
  Temple: 88 daAuts
     D:9: 59 daAuts
